 Dungeon Crawl Stone Soup version 0.29.1-2-gbd0b4ee654 (webtiles) character file.

Game seed: 6126925614133635439

10 zeram the Sneak (level 2, 0/13 HPs)
             Began as a Spriggan Enchanter on Nov 4, 2022.
             Slain by a kobold
             ... wielding a +0 dagger
              (1 damage)
             ... on level 1 of the Dungeon.
             The game lasted 00:00:43 (181 turns).

zeram the Sneak (Spriggan Enchanter)                 Turns: 181, Time: 00:00:44

Health: 0/13       AC:  2    Str:  4    XL:     2   Next: 10%
Magic:  7/7        EV: 17    Int: 16    God:
Gold:   12         SH:  0    Dex: 15    Spells: 7/7 levels left

rFire   . . .      SeeInvis +   a - +1 dagger
rCold   . . .      Faith    .   (no shield)
rNeg    . . .      Spirit   .   b - +0 robe
rPois   .          Reflect  .   (helmet restricted)
rElec   .          Harm     .   (no cloak)
rCorr   .          Rampage  .   (gloves unavailable)
Will    .....                   (boots unavailable)
Stlth   +++.......              (no amulet)
HPRegen 0.04/turn               (no ring)
MPRegen 0.10/turn               (no ring)

@: very quick
A: very small, no large weapons, unfitting armour, see invisible, speed 3
a: no special abilities


You were on level 1 of the Dungeon.
You visited 1 branch of the dungeon, and saw 1 of its levels.

You collected 12 gold pieces.

Inventory:

Hand Weapons
 a - a +1 dagger (weapon)
Armour
 b - a +0 robe (worn)
Potions
 c - 2 potions of invisibility
 d - a potion of mutation


   Skills:
 + Level 1.1 Short Blades
 + Level 2.9 Dodging
 - Level 4.4 Stealth
 + Level 3.1 Spellcasting
 + Level 4.0 Hexes


You had 7 spell levels left.
You didn't know any spells.
Your spell library contained the following spells:

 Spells                   Type           Power      Damage    Failure   Level
 Confusing Touch          Hex            15%        N/A       11%         3
 Tukima's Dance           Hex            15%        N/A       11%         3
 Ensorcelled Hibernation  Hex/Ice        16%        N/A       12%         2
 Dazzling Flash           Conj/Hex       16%        N/A       24%         3


Dungeon Overview and Level Annotations

Branches:
Dungeon (1/15)

Altars:


Innate Abilities, Weirdness & Mutations

You are very small and have problems with some larger weapons.
You are too small for most types of armour.
You have supernaturally acute eyesight. (SInv)
You cover ground extremely quickly. (Speed+++)


Message History

The rat closely misses you.
Your unstable footing causes you to fumble your attack.
The ball python bites you but does no damage.
The ball python closely misses you. The rat bites you.
You barely miss the ball python.
The ball python is moderately wounded.
The ball python misses you. The ball python closely misses you.
The rat completely misses you.
You hit the ball python.
The ball python is severely wounded.
The ball python misses you. The ball python closely misses you.
Your unstable footing causes you to fumble your attack.
The ball python bites you. The ball python closely misses you.
The kobold splashes around in the water.
The rat splashes around in the water.
The ball python misses you. The ball python closely misses you.
You barely miss the ball python.
The ball python is severely wounded.
The kobold misses you. The rat closely misses you.
The ball python closely misses you. The ball python barely misses you.
You hit the ball python.
You kill the ball python!
The rat closely misses you. The kobold hits you with a +0 dagger.
Your Hexes skill increases to level 4!
You are too injured to fight recklessly!
Unknown command.
The kobold splashes around in the water.
The kobold splashes around in the water.
The kobold closely misses you. The kobold misses you.
You closely miss the kobold. The kobold barely misses you.
You barely miss the kobold. The kobold barely misses you.
You hit the kobold.
The kobold is heavily wounded.
The kobold hits you with a +0 dagger.
* * * LOW HITPOINT WARNING * * *
You closely miss the kobold.
The kobold is heavily wounded.
The kobold hits you with a +0 dagger.
You die...

### #.....# #.#
#.##### #.# #.#
#.# #.# # #.#
######.##...# #.#
#.......~~♣ #†#
#.#####♣♣P♣♣ #.#
#.# ~~~~♣~♣##.#
#.# P~~~~~♣~#@#
#.#.♣ ~~~~~~~~#K#
....♣ ~~~~~~~~~r#
#..♣~~~~♣~~PP~~~.#
###~♣~♣~~~~~~P~♣.#
PPP~~≈~≈~~~♣~..#
~~~P≈≈≈≈~♣~ ♣♣.#
~~P≈≈≈≈≈≈~ .#
~♣≈~≈≈≈≈≈~ .#


You could see a kobold and a rat.

Vanquished Creatures
  3 endoplasms (D:1)
  3 ball pythons (D:1)
  2 bats (D:1)
  A rat (D:1)
9 creatures vanquished.

Notes
Turn   | Place    | Note
-------+----------+-------------------------------------------
     0 | D:1      | zeram the Spriggan Enchanter began the quest for the Orb.
     0 | D:1      | Reached XP level 1. HP: 9/9 MP: 5/5
   157 | D:1      | Reached XP level 2. HP: 13/13 MP: 7/7
   181 | D:1      | Slain by a kobold

Illustrated notes

Levels and vault maps discovered:
D:1:      minmay_arrival_stone_box, layout_loops_ring, serial_forest,
          infiniplex_forest_lined_3_way, infiniplex_forest_end_1,
          infiniplex_forest_lined_room_2, infiniplex_forest_clump_small,
          serial_bayou_lake_a

Skill      XL: |  1  2 |
---------------+-------+-----
Spellcasting   | 3 |  3.1
Hexes          | 4 |  4.0
Short Blades   | |  1.1
Dodging        | |  2.9
Stealth        | |  4.4

Action                   || total
-------------------------++-------
Melee: Dagger            ||    25
  Use: Scroll            ||     1
 Stab: Sleeping          ||     7
Armor: Robe              ||     4
Dodge: Dodged            ||    30
